 Dungeon Crawl Stone Soup version 0.27-a0-1065-ge809cff456 (webtiles) character file.

Game seed: 38888205518885804

47 tardwrangler69 the Firebug (level 3, -5/21 HPs)
             Began as an Octopode Fire Elementalist on Apr 22, 2021.
             Slain by a hobgoblin (7 damage)
             ... led by Robin
             ... on level 2 of the Dungeon.
             The game lasted 00:01:29 (2164 turns).

tardwrangler69 the Firebug (OpFE)                   Turns: 2164, Time: 00:01:29

Health: -5/21      AC:  1    Str:  7    XL:     3   Next: 70%
Magic:  5/6        EV: 13    Int: 18    God:
Gold:   55         SH:  0    Dex: 12    Spells: 6/7 levels left

rFire    . . .     SeeInvis .   e - +0 dagger
rCold    . . .     Faith    .   (no shield)
rNeg     . . .     Spirit   .   (helmet restricted)
rPois    .         Reflect  .   (no amulet)
rElec    .         Harm     .   (no ring)
rCorr    .         Rampage  .   (no ring)
Will     .....                  (no ring)
Stlth    +++.......             (no ring)
HPRegen  0.07/turn              (no ring)
MPRegen  0.10/turn              (no ring)
                                (no ring)
                                (no ring)

@: no status effects
A: almost no armour, amphibious, 8 rings, camouflage 1, gelatinous body 1,
(nimble swimmer 1), tentacles
a: no special abilities


You were on level 2 of the Dungeon.
You visited 1 branch of the dungeon, and saw 2 of its levels.

You collected 55 gold pieces.

Inventory:

Hand Weapons
 e - a +0 dagger (weapon)
Armour
 c - a +2 kite shield
Scrolls
 g - a scroll of blinking {unknown}
Potions
 a - a potion of heal wounds {unknown}
 b - 2 potions of curing
 d - a potion of brilliance {unknown}
 f - a potion of ambrosia {unknown}
 h - a potion of haste {unknown}


   Skills:
 - Level 2.0 Dodging
 - Level 2.6 Stealth
 + Level 2.6 Spellcasting
 - Level 1.0 Conjurations
 * Level 4.1 Fire Magic


You had 6 spell levels left.
You knew the following spells:

 Your Spells              Type           Power      Damage    Failure   Level
a - Foxfire               Conj/Fire      44%        2x1d6     6%          1

Your spell library contained the following spells:

 Spells                   Type           Power      Damage    Failure   Level
 Conjure Flame            Conj/Fire      11%        6-21      19%         3
 Inner Flame              Hex/Fire       9%         N/A       22%         3
 Sticky Flame             Conj/Fire      11%        2d3       52%         4
 Fireball                 Conj/Fire      5%         3d5       86%         5


Dungeon Overview and Level Annotations

Branches:
Dungeon (2/15)

Altars:

Annotations:
D:2 Robin


Innate Abilities, Weirdness & Mutations

You cannot wear most types of armour.
You are amphibious.
You can wear up to eight rings at the same time.
Your skin changes colour to match your surroundings (Stealth+).
Your rubbery body absorbs attacks. (AC +1, EV +1)
((You are camouflaged near water. (Stealth+)))
You have tentacles for arms and can constrict up to eight enemies at once.


Message History

The goblins go into a battle-frenzy!
The goblin hits you with a +0 dagger.
You hit the goblin. You grab the goblin.
The goblin is severely wounded.
You constrict the goblin.
You kill the goblin!
The goblin hits you with a +0 dagger.
Items here: ( )) †.
Robin throws the goblin at you!
You hit the goblin. You grab the goblin.
The goblin is severely wounded.
You constrict the goblin.
You kill the goblin!
The goblin hits you with a +0 dagger.
* * * LOW HITPOINT WARNING * * *
A goblin comes into view. It is wielding a +0 dagger.
You see here a +0 club.
The goblin no longer looks unusually strong.
Casting: Foxfire (safe; 6% risk of failure)
Confirm with . or Enter, or press ? or * to list all spells.
You conjure some foxfire!
The foxfire hits the goblin.
The goblin is severely wounded.
Your foxfire dissipates!
Robin roars a battlecry!
The goblins go into a battle-frenzy!
Robin throws the goblin at you!
* * * LOW HITPOINT WARNING * * *
The goblin barely misses you.
You hit the goblin. Your grab misses the goblin.
Your squeeze misses the goblin.
The goblin is heavily wounded.
The hobgoblin barely misses you. The goblin barely misses you.
You barely miss the goblin. Your grab misses the goblin.
The goblin is heavily wounded.
The hobgoblin misses you. The goblin hits you with a +0 dagger.
* * * LOW HITPOINT WARNING * * *
You hit the goblin but do no damage. Your grab misses the goblin.
The goblin is heavily wounded.
The hobgoblin hits you!
You die...

### #.#
##.#######
#..).....#
#####.##.#
#g##.#
#g##.#
#g##)#
#g##.#
#@##.#
#g##.#
#.##.#
#....#
#..###
#..# #..#
#..## #
#...#


You could see Robin, a hobgoblin (strong) and 3 goblins.

Vanquished Creatures
  An adder (D:2)
  2 dart slugs
  2 ball pythons (D:2)
  4 endoplasms
  2 giant cockroaches (D:1)
  4 hobgoblins
  4 jackals
  2 kobolds
  3 bats (D:2)
  2 frilled lizards (D:1)
  5 goblins (D:2)
31 creatures vanquished.

Vanquished Creatures (others)
  8 foxfires (D:1)
8 creatures vanquished.

Grand Total: 39 creatures vanquished

Notes
Turn   | Place    | Note
-------+----------+-------------------------------------------
     0 | D:1      | tardwrangler69 the Octopode Fire Elementalist began the
                  | quest for the Orb.
     0 | D:1      | Reached XP level 1. HP: 11/11 MP: 3/3
   593 | D:1      | Reached XP level 2. HP: 17/17 MP: 5/5
  1778 | D:2      | Reached XP level 3. HP: 16/21 MP: 4/6
  1918 | D:2      | Reached skill level 4 in Fire Magic
  2133 | D:2      | Noticed Robin
  2163 | D:2      | HP: 1/21 [goblin/+0 dagger[Robin] (1)]
  2164 | D:2      | Slain by a hobgoblin

Illustrated notes

Levels and vault maps discovered:
D:1:      nicolae_arrival_somewhat_less_tricky_arrival, layout_loops_ring,
          minivault_5, lemuel_old_faithful
D:2:      layout_loops_ring, basic_altar, uniq_crazy_yiuf_cottage, uniq_robin,
          uniq_terence

Skill      XL: |  1  2  3 |
---------------+----------+-----
Fire Magic     | 4 |  4.1
Dodging        | |  2.0
Stealth        | |  2.6
Spellcasting   | |  2.6
Conjurations   | |  1.0

Action                   || total
-------------------------++-------
Melee: Unarmed           ||    11
       Tentacles         ||    14
       Constrict         ||    20
       Dagger            ||    72
 Cast: Foxfire           ||     7
  Use: Potion            ||     1
 Stab: Sleeping          ||    10
Armor: Skin              ||     9
Dodge: Dodged            ||    79
Block: Kite shield       ||     7

Table legend: (Time is in decaauts)
 A = Elapsed time spent in this place.
 B = Non-inter-level travel time spent in this place.
 C = Inter-level travel time spent in this place.
 D = Time resting spent in this place.
 E = Time spent auto-exploring this place.
 F = Levels seen in this place.
 G = Mean time per level.
                   A        B        C        D        E       F      G
               +--------+--------+--------+--------+--------+-----+--------+
         Total |   2169 |   2125 |     44 |      0 |   1855 |   2 | 1084.5 |
       Dungeon |   2169 |   2125 |     44 |      0 |   1855 |   2 | 1084.5 |
               +--------+--------+--------+--------+--------+-----+--------+

Top non-repeatable levels by time:
     D:1: 1688 daAuts
     D:2: 480 daAuts
